Map: Одиссея РВ

Players

ИИ 1 (эксперт) - Winner!

  • Race: Protoss Protoss
  • Spawn Location: 11:00

Doll

  • Race: Zerg Zerg
  • Spawn Location: 5:00

VOD

Have the link to the VOD?

Description

Time

  • Played on: Oct. 12, 2022, 8:26 a.m.
  • Length: 12:34
Show
View Real Time Build Order
Export as new Build Order

ИИ 1 (эксперт) Protoss - Winner!

Build Orders: 1 Gate Expand, Colossus Rush 

Get SALT Encoding   

  12  0:00  Probe  
  13  0:13  Probe  
  14  0:19  Pylon  
  14  0:25  Probe  
  15  0:33  Probe  
  15  0:40  Gateway  
  15  0:41  Probe  
  17  0:51  Probe  
  18  0:59  Probe  
  19  1:16  Probe  
  19  1:19  Nexus  
  20  1:28  Probe, Zealot  
  23  1:38  Pylon  
  23  1:47  Cybernetics Core  
  23  1:49  Assimilator  
  23  1:56  Probe  
  24  2:04  Probe  
  25  2:12  Probe  
  25  2:21  Probe  
  25  2:22  Pylon  
  26  2:29  Probe  
  27  2:31  Probe  
  27  2:33  Gateway, Warp Gate  
  29  2:39  Assimilator  
  29  2:40  Probe  
  30  2:48  Stalker  
  30  2:55  Pylon, Probe  
  30  2:58  Probe  
  34  3:07  Probe  
  34  3:10  Probe  
  34  3:12  Adept  
  36  3:19  Adept  
  40  3:21  Probe  
  40  3:23  Probe  
  42  3:27  Robotics Facility  
  42  3:29  Probe  
  43  3:36  Probe  
  43  3:37  Probe  
  44  3:42  Adept  
  44  3:47  Probe  
  44  3:48  Probe  
  48  3:49  Adept  
  51  3:59  Probe  
  52  4:04  Pylon, Probe  
  52  4:08  Probe  
  53  4:11  Adept  
  53  4:17  Probe  
  57  4:18  Robotics Bay  
  57  4:22  Pylon  
  57  4:27  Observer, Adept  
  57  4:29  Gateway  
  60  4:32  Probe  
  60  4:36  Probe  
  62  4:39  Pylon  
  62  4:46  Robotics Facility  
  62  4:55  Stalker  
  64  5:01  Zealot  
  64  5:02  Pylon  
  66  5:15  Pylon  
  66  5:18  Zealot  
  66  5:19  Gateway  
  66  5:21  Zealot  
  70  5:22  Stalker  
  72  5:32  Zealot  
  74  5:36  Colossus  
  80  5:45  Pylon  
  80  5:47  Assimilator  
  80  6:04  Nexus, Twilight Council  
  80  6:06  Forge  
  80  6:07  Assimilator  
  80  6:10  Probe x2  
  82  6:14  Forge  
  82  6:22  Probe  
  83  6:28  Pylon  
  83  6:29  Probe  
  84  6:47  Templar Archives  
  84  6:49  Warp Prism, Stalker, Photon Cannon  
  84  6:51  Pylon  
  88  6:55  Warp Prism  
  88  6:58  Sentry  
  90  7:03  Stalker  
  90  7:07  Stalker  
  96  7:11  Photon Cannon  
  96  7:14  Photon Cannon  
  96  7:15  Zealot  
  98  7:17  Probe x3  
  98  7:21  Zealot  
  103  7:24  Assimilator  
  103  7:26  Sentry, Assimilator  
  103  7:29  Probe x3, High Templar  
  110  7:35  Zealot, Protoss Ground Weapons Level 1  
  112  7:41  Probe, Zealot  
  112  7:42  Probe x2  
  117  7:47  Pylon  
  117  7:49  High Templar  
  119  7:53  Stalker, Probe  
  119  7:54  Probe  
  119  7:55  Probe  
  124  7:59  Protoss Ground Armor Level 1  
  124  8:02  Stalker, Zealot  
  124  8:03  Archon  
  124  8:05  Probe  
  129  8:07  Probe x2  
  129  8:08  Zealot  
  133  8:13  Pylon  
  133  8:17  Probe  
  133  8:19  Probe  
  135  8:20  Probe  
  135  8:21  High Templar  
  135  8:22  Zealot  
  135  8:24  Stalker  
  135  8:25  Zealot  
  144  8:29  Probe  
  144  8:30  Charge  
  144  8:31  Probe  
  144  8:32  Probe  
  147  8:37  Pylon  
  147  8:39  Zealot  
  149  8:42  Pylon, Zealot  
  149  8:47  High Templar  
  153  8:54  Stalker, Immortal  
  155  8:59  Stalker, Observer  
  155  9:02  Nexus, Photon Cannon  
  162  9:06  Pylon  
  162  9:11  Stalker  
  164  9:21  Observer, Photon Cannon  
  164  9:23  Sentry  
  167  9:24  Pylon  
  167  9:27  Zealot  
  167  9:28  Immortal  
  167  9:29  Zealot  
  169  9:34  Colossus  
  169  9:35  Zealot  
  155  9:43  Zealot  
  133  9:46  Zealot  
  133  9:49  Adept  
  123  9:55  Sentry  
  123  9:57  Photon Cannon  
  123  9:58  Stalker  
  125  10:06  Stalker  
  127  10:07  Immortal, Photon Cannon, Blink  
  127  10:09  Stalker  
  133  10:18  Adept  
  135  10:21  High Templar  
  135  10:24  Pylon  
  135  10:27  Immortal  
  137  10:29  Sentry  
  137  10:31  Assimilator  
  137  10:32  High Templar  
  145  10:35  Assimilator  
  145  10:38  Adept  
  147  10:43  Photon Cannon  
  147  10:45  Psionic Storm  
  147  10:48  Archon  
  147  10:52  Stalker  
  147  10:54  Photon Cannon, Adept  
  147  10:56  Pylon  
  151  10:58  High Templar  
  153  11:04  Gateway  
  153  11:05  High Templar  
  155  11:11  Nexus  
  155  11:14  Stalker  
  155  11:15  Sentry  
  159  11:19  Archon  
  159  11:27  Colossus  
  159  11:28  Photon Cannon  
  159  11:30  Sentry, Stalker  
  163  11:35  High Templar  
  163  11:37  High Templar  
  167  11:44  Robotics Facility  
  167  11:49  Stargate  
  167  11:51  Archon  
  167  11:52  High Templar  
  169  11:56  Photon Cannon  
  169  11:58  Photon Cannon  
  169  11:59  High Templar  
  171  12:04  Gateway  
  171  12:13  Zealot  
  177  12:20  Stalker  
  177  12:21  Stalker  
  185  12:25  Adept  
  185  12:29  Sentry  
  189  12:33  Assimilator  
Show
View Real Time Build Order
Export as new Build Order

Doll Zerg 

Build Orders: Hatch First 

Get SALT Encoding   

  12  0:00  Drone  
  13  0:12  Overlord  
  13  0:17  Drone  
  14  0:33  Drone x2  
  14  0:35  Drone  
  17  0:54  Hatchery  
  17  0:56  Drone  
  17  0:59  Drone  
  18  1:06  Extractor  
  18  1:07  Drone  
  18  1:19  Spawning Pool  
  18  1:21  Drone  
  18  1:29  Drone  
  19  1:42  Overlord  
  19  1:52  Drone  
  20  2:05  Queen  
  20  2:07  Queen, Zergling x2  
  20  2:08  Zergling x2, Metabolic Boost  
  26  2:23  Drone, Spine Crawler  
  26  2:25  Drone  
  26  2:26  Drone  
  28  2:33  Drone  
  28  2:35  Drone  
  30  2:40  Drone  
  31  2:46  Queen  
  31  2:48  Zergling x2  
  31  2:50  Zergling x2  
  35  3:09  Overlord  
  35  3:11  Hatchery  
  34  3:14  Drone  
  34  3:15  Drone  
  36  3:27  Queen  
  36  3:29  Drone x2  
  36  3:30  Drone  
  36  3:32  Drone  
  42  3:35  Drone  
  42  3:39  Overlord  
  43  3:50  Roach Warren  
  43  3:52  Drone  
  43  3:53  Overlord  
  43  4:00  Lair, Extractor  
  43  4:02  Drone  
  43  4:04  Drone  
  43  4:06  Drone  
  45  4:11  Drone  
  45  4:12  Drone x2  
  45  4:16  Drone  
  49  4:22  Drone x3  
  52  4:25  Pneumatized Carapace  
  52  4:32  Drone  
  52  4:33  Drone, Baneling Nest  
  52  4:34  Drone  
  52  4:38  Roach  
  56  4:39  Roach  
  56  4:42  Roach  
  62  4:45  Roach  
  62  4:47  Roach  
  62  4:49  Roach  
  62  4:51  Overlord  
  66  4:57  Extractor  
  66  4:58  Extractor  
  66  4:59  Drone x2  
  66  5:00  Overlord  
  66  5:05  Glial Reconstitution  
  66  5:11  Drone  
  66  5:12  Drone x3, Hydralisk Den  
  69  5:15  Overlord  
  69  5:17  Overseer  
  69  5:22  Queen  
  69  5:26  Queen  
  73  5:32  Queen  
  76  5:35  Drone  
  76  5:36  Drone  
  76  5:37  Drone  
  76  5:39  Drone  
  76  5:41  Drone  
  80  5:43  Drone  
  80  5:44  Drone  
  80  5:45  Drone  
  80  5:47  Drone  
  80  5:49  Drone  
  85  5:51  Drone  
  85  5:54  Overlord  
  86  6:00  Spire  
  85  6:05  Queen  
  85  6:07  Overlord  
  87  6:12  Roach  
  87  6:13  Roach x2  
  87  6:15  Overlord  
  87  6:17  Overseer  
  93  6:20  Queen  
  93  6:23  Overlord  
  95  6:27  Centrifugal Hooks  
  95  6:29  Drone x2  
  95  6:30  Drone  
  95  6:32  Drone  
  99  6:33  Drone  
  99  6:34  Drone  
  99  6:37  Queen  
  103  6:40  Hydralisk  
  103  6:42  Hydralisk  
  103  6:44  Hydralisk  
  103  6:47  Hydralisk  
  109  6:49  Hydralisk  
  109  6:51  Hydralisk  
  115  6:55  Queen  
  115  6:58  Overlord  
  117  7:01  Hydralisk  
  117  7:03  Roach  
  117  7:04  Overlord  
  121  7:09  Evolution Chamber  
  121  7:11  Evolution Chamber  
  121  7:12  Drone x2  
  121  7:19  Drone  
  124  7:23  Roach x2  
  124  7:24  Roach  
  124  7:25  Roach  
  124  7:26  Roach, Hatchery  
  124  7:28  Roach  
  133  7:32  Drone x2  
  133  7:33  Drone  
  133  7:36  Overseer  
  136  7:38  Zerg Ground Armor Level 1  
  136  7:40  Zerg Missile Weapons Level 1  
  136  7:42  Queen  
  138  7:44  Overlord  
  138  7:49  Overlord  
  138  7:54  Overlord  
  138  7:55  Infestation Pit  
  138  7:58  Overlord  
  137  8:05  Hydralisk x3  
  137  8:06  Hydralisk  
  137  8:08  Hydralisk x3  
  137  8:11  Drone  
  137  8:12  Drone x2  
  154  8:13  Drone  
  154  8:18  Drone  
  154  8:19  Drone, Queen  
  159  8:22  Queen  
  159  8:25  Drone x2  
  163  8:31  Drone  
  164  8:35  Drone x4  
Tags
 
Add a new tag
Caveats
  • Supply blocks, unpowered buildings, or Contaminate may cause inaccurate times.
  • Supply counts are checked every 10 seconds.